 Dungeon Crawl Stone Soup version 0.30-a0-168-g0b976cbdc4 (webtiles) character file.

Game seed: 2011454137234627156

3831 IdlyInterested the Slasher (level 9, -2/60 (62) HPs)
             Began as a Demonspawn Gladiator on Sept 29, 2022.
             Was a Follower of Hepliaklqana.
             Killed from afar by an orc wizard (7 damage)
             ... with a puff of flame
             ... on level 8 of the Dungeon.
             The game lasted 00:21:56 (7727 turns).

IdlyInterested the Slasher (Demonspawn Gladiator)   Turns: 7727, Time: 00:21:57

HP:   -2/60 (62)    AC: 17    Str: 14    XL:     9   Next: 97%
MP:   14/14         EV: 15    Int: 10    God:    Hepliaklqana [*.....]
Gold: 337           SH:  0    Dex: 19    Spells: 14/15 levels left

rFire   . . .      SeeInvis +    D - +5 short sword (protect)
rCold   x . .      Faith    .    (no shield)
rNeg    . . .      Spirit   .    h - +2 leather armour of Eji Avug {rElec rPois rC- SInv}
rPois   +          Reflect  .    c - +0 helmet
rElec   +          Harm     .    u - +2 cloak {rPois}
rCorr   +          Rampage  .    (no gloves)
Will    .....                    l - +0 pair of boots
Stlth   +++.......               (no amulet)
HPRegen 0.20/turn                E - ring of resist corrosion
MPRegen 0.14/turn                (no ring)

@: under a protective aura, lightly drained, unable to read
A: reduced essence, repulsion field 1, powered by death 2, demonic magic 1,
demonic touch 1, wild magic 1, inability to read after injury 1
a: Renounce Religion, Recall Ancestor, Ancestor Identity


You were on level 8 of the Dungeon.
You worshipped Hepliaklqana.
Hepliaklqana was aware of your devotion.
You visited 2 branches of the dungeon, and saw 9 of its levels.

You collected 337 gold pieces.

Inventory:

Hand Weapons
 a - a +0 long sword of protection
 p - the +4 spear of Frustration {drain, rF+ Dex-3 SInv}
   (You found it on level 2 of the Dungeon)

   A truly terrible weapon, it drains the life of any living foe it strikes.
   Dex:       It affects your dexterity (-3).
   rF:        It protects you from fire.
   SInv:      It lets you see invisible.
 C - a +2 falchion of freezing
 D - a +5 short sword of protection (weapon)
Missiles
 d - 3 throwing nets
 e - 3 javelins
 n - 9 poisoned darts
 v - 2 boomerangs (quivered)
 K - a curare-tipped dart
Armour
 c - a +0 helmet (worn)
 g - an orb of energy
 h - the +2 leather armour of Eji Avug (worn) {rElec rPois rC- SInv}
   (You found it on level 3 of the Dungeon)

   rC:        It makes you vulnerable to cold.
   rElec:     It insulates you from electricity.
   rPois:     It protects you from poison.
   SInv:      It lets you see invisible.
 l - a +0 pair of boots (worn)
 u - a +2 cloak of poison resistance (worn)
 A - a +0 leather armour of fire resistance
 B - a +1 robe of resistance
Magical Staves
 j - a staff of cold
 o - a staff of conjuration
 G - a staff of fire
Jewellery
 E - a ring of resist corrosion (left hand)
Wands
 H - a wand of digging (6)
 L - a wand of flame (19)
Scrolls
 k - 2 scrolls of teleportation
 q - 2 scrolls of enchant armour
 r - a scroll of poison
 y - a scroll of fear
 I - a scroll of butterflies
 J - a scroll of immolation
Potions
 b - 2 potions of resistance
 f - a potion of ambrosia
 i - 2 potions of attraction
 m - a potion of flight
 s - 5 potions of heal wounds
 t - 2 potions of curing
 w - a potion of haste
 z - 2 potions of berserk rage
 F - 2 potions of mutation


   Skills:
 - Level 6.0 Fighting
 + Level 3.0(5.7) Short Blades
 - Level 7.6(7.9) Long Blades
 - Level 3.0 Throwing
 - Level 3.0 Armour
 - Level 3.0 Dodging
 * Level 5.9 Stealth
 - Level 3.0 Unarmed Combat
 * Level 3.6 Spellcasting
 - Level 3.0 Evocations


You had 14 spell levels left.
You knew the following spells:

 Your Spells              Type           Power      Damage    Failure   Level
a - Kiss of Death         Conj/Necr      8%         2d6       41%         1

Your spell library contained the following spells:

 Spells                   Type           Power      Damage    Failure   Level
 Magic Dart               Conj           8%         1d3       41%         1
 Slow                     Hex            8%         N/A       41%         1
 Searing Ray              Conj           4%         2d4       54%         2
 Confusing Touch          Hex            2%         N/A       77%         3
 Gell's Gravitas          Tloc           2%         N/A       77%         3
 Ignite Poison            Fire/Tmut/Pois 2%         N/A       77%         3
 Teleport Other           Tloc           2%         N/A       77%         3
 Vampiric Draining        Necr           2%         2d6       77%         3
 Dispel Undead            Necr           2%         3d7       98%         4
 Fulminant Prism          Conj/Hex       1%         3d6       98%         4
 Sticky Flame             Conj/Fire      2%         2d3       98%         4
 Dispersal                Tloc           1%         N/A       100%        6
 Ignition                 Fire           1%         3d3       100%        8


Dungeon Overview and Level Annotations

Branches:
Dungeon (8/15)             Temple (1/1) D:4
   Lair: D:8-11

Altars:
Ashenzari
Cheibriados
Dithmenos
Fedhas
Gozag
Hepliaklqana
Makhleb
Nemelex Xobeh
Okawaru
Ru
Uskayaw
Vehumet
Xom
Yredelemnul


Innate Abilities, Weirdness & Mutations

Your life essence is reduced to manifest your ancestor. (-10% HP)
You are surrounded by a mild repulsion field. (EV +2)
You regenerate health from kills.
Spells you cast may paralyse adjacent enemies.
Your touch may inflict minor irresistible damage on your foes.
Your spells are a little harder to cast, but a little more powerful.
You occasionally lose the ability to read scrolls when taking damage.


Message History

A death yak comes into view.
The orc wizard hits you with a +0 dagger.
Unknown command.
The orc attacks as you move away! The orc closely misses you.
You feel less confused.
Chitauli hits the orc wizard.
The orc barely misses Chitauli.
The orc wizard casts a spell at Chitauli.
The magic dart hits Chitauli.
The orc hits Chitauli with a +0 flail!
Unknown command.
You miss the orc wizard. You punch the orc wizard.
The orc wizard is almost dead.
Chitauli barely misses the orc wizard.
You hit the orc wizard.
You kill the orc wizard!
The orc hits Chitauli with a +0 short sword of freezing.
Chitauli is destroyed!
A death yak comes into view.
The orc wizard gestures at you while chanting.
The magic dart hits you!
The hell rat bites you but does no damage.
Really read the scroll of torment?
As you read the scroll of torment, it crumbles to dust.
Your body is wracked with pain!
The orc convulses!
The orc wizard convulses!
The orc convulses!
The death yak convulses!
The death yak bellows!
The death yak convulses!
The orc completely misses you. The hell rat bites you!
You feel threatened and lose the ability to read scrolls!
* * * LOW HITPOINT WARNING * * *
You feel drained.
* * * LOW HITPOINT WARNING * * *
You closely miss the orc wizard.
The orc wizard is heavily wounded.
The orc closely misses you. The orc wizard barely misses you.
The hell rat twitches its whiskers.
The hell rat bites you!
* * * LOW HITPOINT WARNING * * *
Unknown command.
The orc wizard casts a spell at you. The puff of flame hits you!
You die...

## ##. ##..## ..
#..... #.###...#
. .. . #...#...#
..# ##.
..##......##
...# #..
.....#.r.@#.....
...
#.....ooo.......
#.
#...#.......#.##
#. #...Y......##
##.
#.#.Y.#.....#
...
...../.......#
...
......#...##..#
. .#........#
.... #......?.##
....


You could see 2 death yaks, a hell rat, an orc wizard and 2 orcs.

Vanquished Creatures
  The ghost of themarg the Thaumaturge, a novice DjFE of Ashenzari (D:7)
  The ghost of Weirdisaac the Chopper, a novice HuFi (D:5)
  An unseen horror skeleton (D:7)
  Grinder (D:4)
  A yak (D:5)
  Menkaure (D:6)
  An orc warrior (D:8)
  A sky beast (D:8)
  An ice beast (D:6)
  A black bear (D:5)
  3 centaurs
  A phantom (D:5)
  2 bullfrogs (D:6)
  2 necrophages
  3 scorpions (D:6)
  4 wights (D:4)
  A spectral centaur (D:7)
  2 orc priests
  5 hounds
  A gnoll bouda (D:5)
  An iguana (D:7)
  Crazy Yiuf (D:2)
  4 orc wizards
  A howler monkey zombie (D:7)
  4 gnolls (D:5)
  9 adders
  A shadow imp (D:6)
  A howler monkey simulacrum (D:7)
  A white imp (D:6)
  3 ufetubi
  3 worms
  A dart slug (D:5)
  26 orcs
  6 endoplasms
  3 giant cockroaches
  3 goblins
  8 hobgoblins
  A quokka (D:1)
  4 ball pythons
  4 bats
  2 frilled lizards (D:3)
  4 kobolds
  3 rats
128 creatures vanquished.

Vanquished Creatures (collateral kills)
  A kobold brigand (D:8)
  A spectral centaur (D:7)
  An orc wizard (D:8)
  A hobgoblin (D:8)
4 creatures vanquished.

Vanquished Creatures (others)
  3 ancestors
  5 fungi (D:2)
8 creatures vanquished.

Grand Total: 140 creatures vanquished

Notes
Turn   | Place    | Note
-------+----------+-------------------------------------------
     0 | D:1      | IdlyInterested the Demonspawn Gladiator began the quest for
                  | the Orb.
     0 | D:1      | Reached XP level 1. HP: 16/16 MP: 1/1
   161 | D:1      | Gained mutation: Your touch may inflict minor irresistible
                  | damage on your foes. [demonic ancestry]
   161 | D:1      | Reached XP level 2. HP: 23/23 MP: 2/2
  1195 | D:2      | Reached skill level 3 in Long Blades
  1354 | D:2      | Reached XP level 3. HP: 29/29 MP: 3/3
  1657 | D:2      | Reached skill level 1 in Unarmed Combat
  1657 | D:2      | Gained mutation: You regenerate a little health from kills.
                  | [demonic ancestry]
  1657 | D:2      | Reached XP level 4. HP: 27/35 MP: 4/4
  1893 | D:2      | Identified the +4 spear of Frustration {drain, rF+ Dex-3
                  | SInv}
  2015 | D:2      | Found a runed translucent door.
  2016 | D:2      | Noticed Crazy Yiuf
  2061 | D:2      | Found a faded altar of an unknown god.
  2183 | D:2      | Killed Crazy Yiuf
  2245 | D:3      | You fall into a shaft and drop 2 floors!
  2245 | D:5      | Entered Level 5 of the Dungeon
  2330 | D:5      | Reached XP level 5. HP: 41/41 MP: 5/5
  2364 | D:5      | Reached skill level 4 in Long Blades
  2436 | D:5      | Noticed a centaur
  2445 | D:5      | Killed a centaur
  2446 | D:5      | Reached skill level 1 in Stealth
  2446 | D:5      | Gained mutation: You are surrounded by a mild repulsion
                  | field. (EV +2) [demonic ancestry]
  2446 | D:5      | Reached XP level 6. HP: 13/47 MP: 6/6
  2451 | D:5      | Found a transporter.
  3081 | D:3      | Identified the +2 leather armour of Eji Avug {rElec rPois
                  | rC- SInv}
  3564 | D:4      | Found a staircase to the Ecumenical Temple.
  3597 | Temple   | Entered the Ecumenical Temple
  3689 | D:4      | Reached skill level 5 in Long Blades
  3689 | D:4      | Reached skill level 1 in Evocations
  3689 | D:4      | Gained mutation: You regenerate health from kills. [demonic
                  | ancestry]
  3689 | D:4      | Reached XP level 7. HP: 40/52 MP: 7/7
  3869 | D:4      | Noticed Grinder
  3883 | D:4      | Killed Grinder
  4400 | D:5      | Reached skill level 6 in Long Blades
  4407 | D:5      | Reached XP level 8. HP: 39/58 MP: 8/8
  4411 | D:5      | Reached skill level 1 in Armour
  4658 | D:5      | Found a transporter.
  4659 | D:5      | Noticed Weirdisaac's ghost (novice HuFi)
  5219 | D:6      | Noticed Menkaure
  5227 | D:6      | Killed Menkaure
  5610 | D:6      | Reached skill level 5 in Fighting
  5610 | D:6      | Reached skill level 7 in Long Blades
  6050 | D:5      | Killed Weirdisaac's ghost
  6051 | D:5      | Gained mutation: Spells you cast may paralyse adjacent
                  | enemies. [demonic ancestry]
  6051 | D:5      | Reached XP level 9. HP: 55/69 MP: 9/9
  6062 | D:5      | Reached skill level 1 in Short Blades
  6303 | Temple   | Became a worshipper of Hepliaklqana the Forgotten
  6519 | D:7      | Learned a level 1 spell: Kiss of Death
  7023 | D:7      | Found a runed translucent gate.
  7024 | D:7      | Found a runed translucent gate.
  7025 | D:7      | Found a runed translucent gate.
  7030 | D:7      | Noticed themarg's ghost (novice DjFE)
  7093 | D:7      | Reached * piety under Hepliaklqana
  7367 | D:7      | Killed themarg's ghost
  7368 | D:7      | Reached skill level 5 in Stealth
  7401 | D:7      | Gained mutation: Your spells are a little harder to cast,
                  | but a little more powerful. [potion of mutation]
  7401 | D:7      | Gained mutation: You occasionally lose the ability to read
                  | scrolls when taking damage. [potion of mutation]
  7708 | D:8      | Found a radiant altar of Vehumet.
  7721 | D:8      | Noticed a death yak
  7724 | D:8      | Noticed a death yak
  7727 | D:8      | Killed from afar by an orc wizard

Illustrated notes

Levels and vault maps discovered:
D:1:      nzn_arrival_water_spiral, layout_basic, serial_bayou_crossing
D:2:      layout_loops_cross, shapermc_ecumenical_altar_hornbeckon, basic_altar,
          uniq_crazy_yiuf_cottage
D:3:      layout_basic
D:4:      layout_loops_corners, temple_fountains, uniq_grinder
D:5:      layout_gridville, gammafunk_ghost_arena, wad_floor_pattern_untrapped
D:6:      layout_cave_pools, uniq_menkaure
D:7:      layout_gridville, gammafunk_ghost_necromancy
D:8:      layout_cave_pools, vehumet_altar_wand_db, dpeg_lair_monsters
Temple:   nicolae_temple_x_marks_the_god

Skill      XL: |  1  2  3  4  5  6  7  8  9 |
---------------+----------------------------+-----
Long Blades    | 3 4 5 6 7 |  7.6
Fighting       | 3 6 |  6.0
Unarmed Combat | 1 2 3 |  3.0
Dodging        | 3 |  3.0
Stealth        | 1 3 5 |  5.9
Evocations     | 1 3 |  3.0
Throwing       | 3 |  3.0
Armour         | 3 |  3.0
Short Blades   | 3 |  3.0
Spellcasting   | 3 |  3.6

Action                   |  1- 3 |  4- 6 |  7- 9 || total
-------------------------+-------+-------+-------++-------
Melee: Long sword        |    54 |   126 |   194 ||   374
       Touch             |     4 |    22 |    58 ||    84
       Punch             |       |     4 |    14 ||    18
       Short sword       |       |       |    98 ||    98
Throw: Boomerang         |       |     2 |       ||     2
  Use: Scroll            |     2 |     3 |    12 ||    17
       Potion            |       |       |     3 ||     3
 Stab: Sleeping          |       |     1 |     5 ||     6
       Distracted        |       |       |     2 ||     2
Armor: Leather armour    |     1 |    11 |   133 ||   145
       Scale mail        |    18 |    66 |       ||    84
Dodge: Dodged            |    36 |    88 |   225 ||   349

Table legend: (Time is in decaauts)
 A = Elapsed time spent in this place.
 B = Non-inter-level travel time spent in this place.
 C = Inter-level travel time spent in this place.
 D = Time resting spent in this place.
 E = Time spent auto-exploring this place.
 F = Levels seen in this place.
 G = Mean time per level.
                   A        B        C        D        E       F      G
               +--------+--------+--------+--------+--------+-----+--------+
         Total |   7780 |   6828 |    952 |    700 |   4559 |   9 |  864.4 |
       Dungeon |   7699 |   6768 |    931 |    700 |   4513 |   8 |  962.4 |
        Temple |     81 |     61 |     20 |      0 |     46 |   1 |   81.0 |
               +--------+--------+--------+--------+--------+-----+--------+

Top non-repeatable levels by time:
     D:5: 1671 daAuts
     D:2: 1190 daAuts
     D:1: 1157 daAuts
     D:7: 1155 daAuts
     D:4: 967 daAuts
     D:6: 808 daAuts
     D:3: 653 daAuts
     D:8: 94 daAuts
  Temple: 81 daAuts
